Map: [ESL] Equilibrium

Players

PtitDrogo

  • Race: Protoss Protoss
  • Spawn Location: 1:00

Lambo - Winner!

  • Race: Zerg Zerg
  • Spawn Location: 11:00

Event: HomeStory Cup XXIV

VOD

Have the link to the VOD?

Description

Time

  • Played on: Dec. 1, 2023, 11:48 a.m.
  • Length: 9:14

All games in this series

Show
View Real Time Build Order
Export as new Build Order

PtitDrogo Protoss 

Build Orders: 1 Gate Expand, Oracle Opening 

Get SALT Encoding   

  12  0:00  Probe  
  13  0:12  Probe  
  14  0:19  Pylon  
  14  0:24  Probe  
  15  0:32  Assimilator  
  15  0:37  Probe (Chrono Boost)  
  15  0:42  Gateway  
  16  0:47  Probe (Chrono Boost)  
  17  0:51  Probe (Chrono Boost)  
  18  1:03  Probe  
  19  1:15  Probe  
  20  1:22  Nexus  
  20  1:32  Cybernetics Core  
  20  1:35  Probe  
  20  1:39  Assimilator  
  21  1:47  Probe  
  21  1:50  Pylon  
  22  1:59  Probe  
  23  2:09  Adept  
  23  2:11  Stargate  
  23  2:13  Probe (Chrono Boost)  
  26  2:19  Warp Gate  
  27  2:24  Probe (Chrono Boost)  
  27  2:30  Probe (Chrono Boost)  
  27  2:32  Pylon  
  27  2:34  Probe (Chrono Boost)  
  31  2:45  Pylon, Probe x2 (Chrono Boost)  
  31  2:50  Probe (Chrono Boost), Adept  
  34  2:51  Probe (Chrono Boost)  
  34  2:53  Oracle (Chrono Boost)  
  38  3:01  Probe  
  38  3:03  Probe  
  40  3:07  Gateway  
  40  3:10  Pylon  
  40  3:13  Probe  
  40  3:15  Probe  
  42  3:20  Oracle (Chrono Boost)  
  42  3:25  Probe  
  46  3:29  Probe  
  47  3:40  Probe  
  48  3:42  Nexus  
  48  3:47  Probe  
  48  3:48  Pylon  
  47  3:53  Probe  
  47  3:55  Oracle  
  51  3:59  Probe  
  52  4:05  Probe (Chrono Boost)  
  52  4:07  Adept x2  
  57  4:14  Pylon  
  57  4:15  Assimilator  
  59  4:17  Probe x2 (Chrono Boost)  
  59  4:19  Assimilator  
  59  4:22  Probe (Chrono Boost)  
  61  4:24  Probe (Chrono Boost)  
  61  4:30  Twilight Council  
  61  4:31  Probe, Forge  
  61  4:34  Robotics Facility  
  62  4:39  Probe  
  62  4:45  Zealot x2  
  67  4:47  Shield Battery  
  67  4:48  Probe (Chrono Boost)  
  67  4:51  Probe (Chrono Boost)  
  69  4:55  Probe (Chrono Boost)  
  71  5:00  Probe (Chrono Boost)  
  71  5:01  Charge  
  71  5:02  Probe (Chrono Boost)  
  71  5:04  Probe (Chrono Boost)  
  71  5:06  Probe (Chrono Boost)  
  74  5:07  Protoss Ground Weapons Level 1 (Chrono Boost)  
  74  5:08  Probe (Chrono Boost)  
  74  5:09  Probe (Chrono Boost)  
  74  5:13  Stalker  
  78  5:16  Stalker  
  78  5:18  Probe (Chrono Boost)  
  78  5:21  Probe (Chrono Boost)  
  83  5:26  Probe (Chrono Boost)  
  85  5:30  Probe (Chrono Boost)  
  85  5:31  Probe (Chrono Boost), Pylon  
  85  5:32  Assimilator x2  
  85  5:34  Templar Archives  
  85  5:49  Gateway x2, Probe x3  
  88  5:53  Gateway  
  88  5:54  Gateway  
  88  5:56  Zealot x2  
  92  5:58  Pylon  
  92  6:01  Probe  
  92  6:04  Psionic Storm, Pylon  
  93  6:16  Observer, Probe x3  
  97  6:23  High Templar x2  
  101  6:27  Gateway x2  
  101  6:28  Probe x2  
  103  6:33  Photon Cannon  
  103  6:41  Immortal  
  103  6:44  High Templar, Pylon  
  109  6:49  Nexus, Photon Cannon  
  109  6:53  Photon Cannon, Pylon  
  109  6:54  Pylon  
  109  7:02  Probe x2  
  109  7:05  Probe  
  109  7:07  Photon Cannon  
  112  7:08  Stalker  
  112  7:10  Shield Battery  
  112  7:11  High Templar x3  
  112  7:15  Probe  
  121  7:16  Pylon  
  121  7:20  Probe  
  113  7:23  Probe  
  113  7:25  Pylon  
  113  7:27  Probe  
  114  7:32  Probe  
  114  7:35  High Templar x2  
  114  7:36  Zealot x2  
  123  7:37  Probe  
  123  7:38  Assimilator  
  123  7:39  Probe  
  123  7:40  Pylon  
  125  7:47  High Templar  
  125  7:48  Zealot x2  
  125  7:50  Photon Cannon  
  125  7:51  Probe x2  
  133  7:58  Immortal (Chrono Boost)  
  133  8:01  Pylon  
  133  8:03  Zealot x2  
  141  8:18  Stalker  
  141  8:19  Stalker x5  
  143  8:28  Pylon  
  143  8:31  Pylon  
  143  8:32  Pylon  
  141  8:35  Pylon  
  141  8:38  Probe  
  140  8:47  Zealot x4  
  148  8:51  Probe  
  148  8:52  Zealot x4  
  148  8:55  Photon Cannon  
  150  8:56  Probe  
  150  8:58  Shield Battery  
  150  8:59  Photon Cannon  
  147  9:09  Archon x3  
Show
View Real Time Build Order
Export as new Build Order

Lambo Zerg - Winner!

Build Orders: Hatch First 

Get SALT Encoding   

  12  0:00  Drone  
  13  0:12  Overlord  
  13  0:16  Drone  
  14  0:30  Drone x2  
  14  0:35  Drone  
  17  0:51  Hatchery  
  17  0:55  Drone  
  17  0:59  Drone  
  18  1:09  Extractor  
  17  1:13  Spawning Pool  
  17  1:16  Drone  
  17  1:19  Drone  
  18  1:28  Drone  
  19  1:38  Drone  
  20  1:51  Drone  
  21  2:02  Queen  
  21  2:03  Queen  
  21  2:04  Drone  
  21  2:06  Overlord  
  26  2:10  Metabolic Boost  
  26  2:14  Zergling x2  
  27  2:16  Drone  
  28  2:25  Drone  
  28  2:27  Zergling x2  
  30  2:36  Drone  
  31  2:39  Queen  
  31  2:44  Queen, Overlord  
  33  2:48  Drone  
  36  2:56  Hatchery  
  36  2:58  Drone  
  36  3:03  Overlord  
  36  3:13  Zergling x8  
  36  3:15  Drone x3  
  36  3:18  Overlord  
  43  3:20  Queen  
  43  3:25  Queen  
  47  3:28  Drone  
  47  3:29  Drone  
  47  3:30  Drone  
  50  3:34  Drone, Spore Crawler  
  50  3:42  Drone x2  
  50  3:47  Drone x4  
  54  3:50  Unknown, Drone x3  
  56  3:58  Drone x2  
  57  4:04  Spore Crawler  
  57  4:07  Drone  
  57  4:11  Drone x2, Spore Crawler  
  57  4:13  Hatchery  
  57  4:18  Drone  
  57  4:20  Drone x7  
  57  4:23  Overlord  
  65  4:26  Lair  
  65  4:34  Roach Warren  
  65  4:35  Drone  
  65  4:36  Extractor  
  65  4:37  Drone  
  65  4:40  Evolution Chamber  
  65  4:43  Zergling x4  
  65  4:44  Drone x2  
  68  4:46  Zergling x6  
  68  4:48  Queen  
  68  4:49  Drone  
  74  4:55  Overlord  
  74  5:11  Extractor  
  74  5:13  Zerg Melee Weapons Level 1, Extractor, Drone  
  73  5:14  Overlord  
  73  5:16  Baneling Nest  
  73  5:17  Drone x10  
  73  5:21  Overlord  
  82  5:22  Overlord  
  82  5:24  Glial Reconstitution  
  82  5:25  Overseer, Overlord  
  82  5:31  Drone x6  
  88  5:37  Overlord  
  88  5:39  Drone x2  
  89  5:43  Drone x3, Spore Crawler  
  89  5:49  Roach x5  
  101  5:51  Drone x3  
  101  5:53  Roach  
  101  5:55  Drone, Overlord  
  107  5:59  Centrifugal Hooks  
  107  6:01  Drone  
  108  6:06  Roach x3  
  114  6:14  Drone  
  114  6:15  Zergling x16  
  124  6:18  Drone  
  124  6:19  Overlord  
  124  6:20  Zergling x6, Infestation Pit  
  126  6:28  Overlord x2  
  126  6:31  Overlord  
  126  6:33  Overlord  
  126  6:35  Hatchery  
  126  6:38  Overlord  
  125  6:42  Drone  
  125  6:45  Roach x4  
  125  6:46  Overseer  
  134  6:50  Roach x7  
  148  6:54  Baneling x11  
  148  6:56  Zergling x10  
  148  6:59  Roach  
  154  7:06  Zergling x4  
  154  7:07  Zerg Missile Weapons Level 1  
  154  7:08  Zergling x4  
  154  7:10  Roach  
  154  7:12  Roach x6  
  165  7:19  Zergling x4  
  165  7:20  Ravager  
  162  7:24  Roach x3  
  162  7:25  Overlord  
  162  7:26  Overlord x3  
  162  7:28  Overlord  
  164  7:30  Overlord  
  164  7:31  Zergling x2  
  164  7:32  Zergling x4  
  163  7:38  Ravager  
  163  7:39  Baneling x21  
  163  7:40  Zergling x6, Baneling x3  
  163  7:42  Overlord  
  167  7:48  Ravager  
  167  7:49  Ravager  
  167  7:50  Zergling x2, Ravager  
  167  7:51  Zergling x20  
  181  7:52  Ravager  
  181  7:53  Ravager  
  181  7:54  Zergling x6  
  186  8:03  Zergling x10  
  190  8:07  Zergling x12  
  196  8:16  Zergling x10  
  198  8:23  Zergling x14  
  198  8:26  Roach  
  200  8:27  Baneling  
  200  8:28  Baneling x11  
  200  8:30  Overlord  
  200  8:33  Overlord  
  198  8:35  Overlord  
  198  8:36  Overlord  
  198  8:37  Hydralisk Den  
  198  8:39  Zergling x18  
  191  8:41  Roach  
  191  8:45  Roach  
  191  8:46  Roach x3  
  190  8:51  Roach x4  
Tags
 
Add a new tag
Caveats
  • Supply blocks, unpowered buildings, or Contaminate may cause inaccurate times.
  • Supply counts are checked every 10 seconds.